AoeStats
← gerole

Arena

509276083Analyzed
4v4 RM · 5d ago on Sep 26, 2026· 41m 41s· 8 players
Game mode
Random Map
Map size
Large (8 player)
Population
200
Speed
Normal
Resources
Standard
Victory
Conquest
Starting age
Dark Age
Ending age
Imperial Age
RankedLock teamsTeams togetherTeam positionsShared explorationLock speedFull tech treeHidden civsTurbo modeCheats
Victory
Defeat
🇲🇽 Cumans · Mexico
516
+14
🇲🇽 Aztecs · Mexico
508
+14
🇺🇸 Romans · United States
483
+15
🇲🇽 Jurchens · Mexico
470
+16
🇧🇷 Danes · Brazil
601
-21
🇨🇳 Wei · China
476
-15
🇵🇪 Goths · Peru
416
-13
🇧🇪 Magyars · Belgium
357
-10
Obi-Wan Cannoli
0:37 Loom
12:45 Feudal Age
13:00 Man-at-Arms
13:40 Horse Collar
14:57 Scale Mail Armor
16:56 Bloodlines
17:00 Arson
22:27 Castle Age
22:02 Padded Archer Armor
27:37 Long Swordsman
29:43 Double-Bit Axe
32:07 Stone Mining
32:36 Scale Barding Armor
Puro_Osso
8:18 Loom
13:21 Feudal Age
13:57 Gold Mining
14:46 Wheelbarrow
17:15 Double-Bit Axe
22:54 Castle Age
21:31 Stone Mining
23:55 Squires
24:15 Hand Cart
25:33 Fletching
31:45 Gold Shaft Mining
31:45 Stone Shaft Mining
32:16 Bow Saw
33:24 Horse Collar
El Fiel
15:18 Feudal Age
19:07 Horse Collar
23:55 Castle Age
22:16 Double-Bit Axe
24:47 Man-at-Arms
33:06 Imperial Age
32:48 Heavy Plow
34:13 Bow Saw
35:03 Crop Rotation
36:41 Wheelbarrow
37:27 Two-Man Saw
Elite Savage
maueg2809
11:59 Feudal Age
13:23 Wheelbarrow
12:32 Horse Collar
12:45 Double-Bit Axe
18:07 Gold Mining
19:12 Stone Mining
22:13 Castle Age
22:01 Forging
21:52 Scale Mail Armor
21:53 Padded Archer Armor
21:44 Fletching
23:19 Hand Cart
23:11 Heavy Plow
23:27 Bow Saw
26:05 Gold Shaft Mining
26:05 Stone Shaft Mining
26:16 Iron Casting
25:56 Chain Mail Armor
28:10 Arson
28:26 Squires
28:13 Gambesons
30:24 Bodkin Arrow
31:57 Eagle Warrior
31:59 Pikeman
32:02 Elite Skirmisher
33:31 Leather Archer Armor
33:26 Atlatl
37:44 Imperial Age
38:07 Elite Eagle Warrior
41:19 Blast Furnace
40:50 Plate Mail Armor
40:21 Bracer
40:45 Ballistics
40:13 Arrowslits
41:37 Caravan
42:09 Garland Wars
el_tono
13:14 Feudal Age
22:41 Castle Age
34:12 Imperial Age
31:48 Double-Bit Axe
31:50 Horse Collar
32:09 Gold Mining
32:11 Stone Mining
33:03 Wheelbarrow
32:44 Scale Barding Armor
32:42 Scale Mail Armor
36:52 Bow Saw
36:50 Heavy Plow
37:32 Gold Shaft Mining
39:10 Chain Barding Armor
39:02 Forging
38:54 Padded Archer Armor
39:17 Arson
39:34 Squires
39:20 Gambesons
40:54 Chain Mail Armor
40:32 Fletching
gerole
15:34 Feudal Age
15:48 Man-at-Arms
20:23 Double-Bit Axe
20:32 Gold Mining
22:20 Forging
21:53 Horse Collar
22:06 Stone Mining
23:11 Scale Mail Armor
26:59 Castle Age
27:41 Wheelbarrow
28:53 Iron Casting
28:21 Heavy Plow
28:37 Bow Saw
28:16 Long Swordsman
30:41 Hand Cart
32:26 Chain Mail Armor
38:29 Imperial Age
36:52 Padded Archer Armor
39:48 Heavy Scorpion
42:25 Blast Furnace
lmol
12:23 Feudal Age
13:04 Double-Bit Axe
13:34 Stone Mining
14:30 Wheelbarrow
16:24 Gold Mining
17:57 Horse Collar
22:36 Town Watch
26:41 Castle Age
27:47 Hand Cart
27:39 Heavy Plow
27:51 Bow Saw
28:23 Gold Shaft Mining
27:23 Capped Ram
30:52 Bloodlines
30:04 Light Cavalry
31:28 Town Patrol
32:07 Scale Barding Armor
33:37 Forging
33:49 Chain Barding Armor
33:31 Scale Mail Armor
35:19 Iron Casting
37:43 Caravan
38:15 Coinage
41:33 Imperial Age
Connection lost

Rejoining the realm…

Still unreachable

The connection could not be restored.

Session expired

The server has moved on; the page needs a fresh start.